 Dungeon Crawl Stone Soup version 0.19.0-18-g426998a (webtiles) character file.

103 Rrauwl the Ruffian (level 4, -1/36 HPs)
             Began as a Draconian Transmuter on Nov 11, 2016.
             Slain by a gnoll
             ... wielding a +0 spear
              (6 damage)
             ... on level 3 of the Dungeon.
             The game lasted 00:22:02 (2204 turns).

Rrauwl the Ruffian (Draconian Transmuter)           Turns: 2204, Time: 00:22:03

Health: -1/36      AC:  6    Str: 13    XL:     4   Next: 51%
Magic:  6/7        EV: 12    Int: 14    God:
Gold:   127        SH:  0    Dex: 11    Spells: 1 memorised, 7 levels left

rFire  . . .     SeeInvis .       - Unarmed
rCold  . . .     Gourm    .     (armour unavailable)
rNeg   . . .     Faith    .     (no shield)
rPois  .         Spirit   .     (helmet restricted)
rElec  .         Reflect  .     (no cloak)
rCorr  .         Harm     .     d - +0 pair of gloves
MR     .....                    (no boots)
Stlth  +.........               (no amulet)
                                (no ring)
                                (no ring)

@: appendage
A: unfitting armour, horns 2, cold-blooded, AC +5
a: End Transformation


You were on level 3 of the Dungeon.
You were not hungry.
You had grown temporary horns.
You visited 1 branch of the dungeon, and saw 3 of its levels.

You collected 127 gold pieces.

Inventory:

Armour
 d - a +0 pair of gloves (worn)
Scrolls
 e - a scroll of identify
 f - a scroll of fear
 g - 2 scrolls of enchant armour
Potions
 h - 2 potions of cancellation
 i - a potion of flight
 l - a potion of agility
Books
 b - a book of Changes

   Spells                             Type                      Level
   a - Beastly Appendage              Transmutation                1
   b - Sticks to Snakes               Transmutation                2
   c - Spider Form                    Transmutation/Poison         3
   d - Ice Form                       Ice/Transmutation            4
   e - Blade Hands                    Transmutation                5
Comestibles
 a - a beef jerky
 c - a bread ration
 j - 3 chunks of flesh
 k - a meat ration


   Skills:
 * Level 2.0 Fighting
 + Level 2.1 Dodging
 + Level 4.0 Unarmed Combat
 + Level 2.6 Spellcasting
 + Level 2.7 Transmutations


You had 7 spell levels left.
You knew the following spells:

 Your Spells              Type           Power        Failure   Level  Hunger
a - Beastly Appendage     Tmut           #.....       10%         1    #......


Dungeon Overview and Level Annotations

Branches:
Dungeon (3/15)

Altars:


Innate Abilities, Weirdness & Mutations

Your plain brown scales are hard. (AC +5)
You cannot fit into any form of body armour.
You are cold-blooded and may be slowed by cold attacks.
You have a pair of horns on your head.


Message History

You close the door.
A gnoll opens the door.
You close the door.
A gnoll opens the door.
You close the door.
Casting: Beastly Appendage
Confirm with . or Enter, or press ? or * to list all spells.
You extend your transformation's duration.
A gnoll opens the door.
Your transformation is almost over.
The gnoll hits you but does no damage.
You see here 14 bolts.
Casting: Beastly Appendage
Confirm with . or Enter, or press ? or * to list all spells.
You extend your transformation's duration.
The gnoll hits you but does no damage.
The gnoll hits you from afar with a spear.
* * * LOW HITPOINT WARNING * * *
The gnoll misses you.
You barely miss the gnoll. Your headbutt misses the gnoll.
The gnoll hits you from afar with a spear.
You die...

#########
####.......#
######..........#
#...............#
#.####..........###
#..g..gg........'.†
#.g######.......###
#.@# #.......# #..#
#.......### #..#
#.........#
#..######.........#
#..#..............#
#..#.##########...#
#..#.#............'
#..#.#.########...#
#..#.#.#.<........#


You could see 2 gnolls.

Vanquished Creatures
  Natasha (D:2)
  A gnoll (D:3)
  2 adders (D:3)
  2 dart slugs
  2 giant cockroaches
  7 goblins
  5 hobgoblins
  6 jackals (D:1)
  A quokka (D:2)
  A ball python (D:1)
  6 bats
  3 frilled lizards
  6 kobolds
  4 rats
47 creatures vanquished.

Notes
Turn   | Place    | Note
-------+----------+-------------------------------------------
     0 | D:1      | Rrauwl the Draconian Transmuter began the quest for the Orb.
     0 | D:1      | Reached XP level 1. HP: 16/16 MP: 3/3
   438 | D:1      | Reached XP level 2. HP: 21/23 MP: 5/5
   979 | D:2      | Reached XP level 3. HP: 27/28 MP: 6/6
  1025 | D:2      | Learned a level 3 spell: Spider Form
  1194 | D:2      | Noticed Natasha
  1703 | D:2      | Killed Natasha
  1868 | D:3      | Reached XP level 4. HP: 36/36 MP: 7/7
  2089 | D:3      | Reached skill level 4 in Unarmed Combat
  2136 | D:3      | HP: 1/36 [gnoll (7)]
  2204 | D:3      | Slain by a gnoll

Skill      XL: |  1  2  3  4 |
---------------+-------------+-----
Dodging        | 2 |  2.1
Unarmed Combat | 4 |  4.0
Fighting       | 2 |  2.0
Spellcasting   | |  2.6
Transmutations | |  2.7

Action                   |  1- 3 |  4- 6 || total
-------------------------+-------+-------++-------
Melee: Unarmed           |   159 |    34 ||   193
       Tailslap          |     9 |     4 ||    13
       Headbutt          |     4 |     1 ||     5
       Kick              |     8 |     2 ||    10
 Cast: Beastly Appendage |    22 |    11 ||    33
       Spider Form       |     1 |       ||     1
  Use: Potion            |     8 |       ||     8
       Scroll            |     7 |     2 ||     9
 Stab: Sleeping          |     1 |       ||     1
  Eat: Chunk             |     4 |     1 ||     5
Armor: Skin              |    47 |    22 ||    69
Dodge: Dodged            |   108 |    27 ||   135
